 Dungeon Crawl Stone Soup version 0.21.0 (webtiles) character file.

160 quantumfuzzball the Covered (level 5, -7/47 HPs)
             Began as a Minotaur Fighter on Jan 8, 2018.
             Killed by divine providence
             ... invoked by an orc priest
              (10 damage)
             ... on level 4 of the Dungeon.
             The game lasted 00:05:45 (3065 turns).

quantumfuzzball the Covered (Minotaur Fighter)      Turns: 3065, Time: 00:05:46

Health: -7/47      AC: 12    Str: 22    XL:     5   Next: 17%
Magic:  4/4        EV:  5    Int:  5    God:
Gold:   191        SH:  9    Dex:  9    Spells: 4/4 levels left

rFire    . . .     SeeInvis .   a - +0 war axe
rCold    . . .     Gourm    .   c - +0 shield
rNeg     . . .     Faith    .   g - +0 plate armour
rPois    .         Spirit   .   (helmet restricted)
rElec    .         Reflect  .   (no cloak)
rCorr    .         Harm     .   (no gloves)
MR       .....                  (no boots)
Stlth    ..........             (no amulet)
HPRegen  0.15/turn              (no ring)
MPRegen  0.09/turn              (no ring)

@: no status effects
A: retaliatory headbutt, horns 2
a: no special abilities


You were on level 4 of the Dungeon.
You were not hungry.

You visited 1 branch of the dungeon, and saw 4 of its levels.

You collected 191 gold pieces.

Inventory:

Hand Weapons
 a - a +0 war axe (weapon)
Armour
 c - a +0 shield (worn)
 g - a +0 plate armour (worn)
Jewellery
 k - a +5 ring of intelligence {unknown}
 l - a cursed amulet of inaccuracy {unknown}
 o - an uncursed ring of positive energy {unknown}
Wands
 r - a wand of disintegration (5)
Scrolls
 e - 2 scrolls of remove curse
 h - 2 scrolls of blinking
 i - a scroll of identify
Potions
 b - 2 potions of curing {unknown}
 d - 3 potions of might
 j - a potion of magic {unknown}
 m - a potion of haste
 p - a potion of berserk rage {unknown}
Books
 n - a book of Flames

   Spells                             Type                      Level
   a - Flame Tongue                   Conjuration/Fire             1
   b - Throw Flame                    Conjuration/Fire             2
   c - Conjure Flame                  Conjuration/Fire             3
   d - Inner Flame                    Hexes/Fire                   3
   e - Sticky Flame                   Conjuration/Fire             4
   f - Fireball                       Conjuration/Fire             5
Comestibles
 f - 13 rations
 q - 2 chunks of flesh


   Skills:
 + Level 4.3 Fighting
 * Level 3.7 Axes
 * Level 4.8 Armour
 + Level 1.3 Dodging
 * Level 4.7 Shields


You had 4 spell levels left.
You didn't know any spells.

Dungeon Overview and Level Annotations

Branches:
Dungeon (4/15)
 Temple: D:4-7

Altars:
Cheibriados

Portals:
Sewer: D:4


Innate Abilities, Weirdness & Mutations

You reflexively headbutt those who attack you in melee.
You have a pair of horns on your head.


Message History

Your shield and plate armour prevent you from hitting the river rat.
The orc wizard hits you but does no damage.
The river rat bites you but does no damage.
The orc wizard hits you with a dagger.
* * * LOW HITPOINT WARNING * * *
The orc priest hits you but does no damage.
You block the river rat's attack. You block the orc's attack.
You slash the river rat!
You kill the river rat!
You closely miss the river rat.
You hit the orc wizard but do no damage.
You hit the orc priest. You hit the orc. The orc wizard completely misses you.
The river rat bites you but does no damage.
You block the orc priest's attack. You block the orc's attack.
The orc wizard barely misses you. You furiously retaliate!
You headbutt the orc wizard. The river rat bites you.
* * * LOW HITPOINT WARNING * * *
The orc priest mumbles some strange prayers to Beogh against you.
Beogh smites you!
You die...

,...............#..#*.h,,,* *,*
,###.###.###.......#*.,,,,* *,*
,....................,,g,,* *,*
,...............###.##og,,* *,*
,###.............##....o,,* *,*
,* ##.##................,,* *,*
.####.##.######.gh......*,* *<*
.........#∩≈≈≈†ro##.#.#**,* *,*
.........#≈≈≈≈.†@og...#**+***,***
.##.#..#.#≈≈≈≈.#o##.#...,,,,,,,,,
.......#.#≈≈...#.#*,#,,,,,,**,**,
.###.#.#.#≈..$.#.#*,*,,,,,,**,**,
,**#.#.#.#........,,,,,,,,,**,**,
,**............#.#***********,**,
,*##,#.#.....,,#.#,,,,,,,,,,,,,*,
,* *,#.#.#*****#..,,,,,,,****,**,
,* *,#.#,* *,*,,,***,****,**,


You could see a gnoll shaman, an orc priest, an orc wizard, a gnoll, a river
rat, an orc and a jackal.

Vanquished Creatures
  Terence (D:2)
  5 adders
  2 river rats (D:4)
  A worm (D:2)
  A leopard gecko (D:1)
  3 orcs
  8 giant cockroaches
  2 goblins
  3 hobgoblins
  7 jackals
  12 kobolds
  A quokka (D:2)
  4 ball pythons
  8 bats
  4 frilled lizards
  5 rats
67 creatures vanquished.

Notes
Turn   | Place    | Note
-------+----------+-------------------------------------------
     0 | D:1      | quantumfuzzball the Minotaur Fighter began the quest for the Orb.
     0 | D:1      | Reached XP level 1. HP: 19/19 MP: 0/0
   224 | D:1      | Reached XP level 2. HP: 21/27 MP: 1/1
  1098 | D:2      | Noticed Terence
  1108 | D:2      | Killed Terence
  1108 | D:2      | Reached XP level 3. HP: 33/33 MP: 2/2
  1693 | D:2      | Reached XP level 4. HP: 38/40 MP: 3/3
  1805 | D:2      | Reached skill level 1 in Dodging
  3004 | D:4      | Found a snail-covered altar of Cheibriados.
  3053 | D:4      | Found a glowing drain.
  3054 | D:4      | Reached XP level 5. HP: 46/46 MP: 4/4
  3065 | D:4      | Killed from afar by an orc priest

Skill      XL: |  1  2  3  4 |
---------------+-------------+-----
Armour         | 4 |  4.8
Fighting       | 4 |  4.3
Axes           | 3 |  3.7
Shields        | 4 |  4.7
Dodging        | 1 |  1.3

Action                   |  1- 3 |  4- 6 || total
-------------------------+-------+-------++-------
Melee: War axe           |    71 |    84 ||   155
       Headbutt          |     7 |    10 ||    17
  Use: Scroll            |       |     4 ||     4
  Eat: Chunk             |     2 |     5 ||     7
Armor: Scale mail        |     9 |       ||     9
       Plate armour      |    22 |    91 ||   113
Dodge: Dodged            |    23 |    27 ||    50
Block: Shield            |    41 |    74 ||   115
